AoeStats
← W1ldFyre

Arabia

505684195Analyzed
2v2 RM · 22d ago on Sep 10, 2026· 48m 34s· 4 players
Game mode
Random Map
Map size
Medium (4 player)
Population
200
Speed
Normal
Resources
Standard
Victory
Conquest
Starting age
Dark Age
Ending age
Imperial Age
RankedLock teamsTeams togetherTeam positionsShared explorationLock speedFull tech treeHidden civsTurbo modeCheats
Victory
Defeat
🇷🇺 Bohemians · Russia
720
+16
🇷🇺 Khmer · Russia
719
+16
🇮🇲 Goths · Isle of Man
716
-16
🇬🇧 Vietnamese · United Kingdom
713
-16
W1ldFyre
1:21 Loom
11:12 Feudal Age
11:39 Double-Bit Axe
12:03 Gold Mining
18:44 Gold Mining
22:08 Castle Age
22:54 Crossbowman
24:59 Pikeman
33:24 Thumb Ring
33:47 Ballistics
33:33 Fletching
33:43 Padded Archer Armor
35:35 Bow Saw
35:10 Horse Collar
41:49 Squires
42:21 Leather Archer Armor
42:01 Bodkin Arrow
42:34 Chatras
48:06 Imperial Age
Razzuss
11:02 Feudal Age
11:41 Horse Collar
11:49 Double-Bit Axe
24:50 Scale Mail Armor
25:01 Forging
24:14 Man-at-Arms
El_Сid
2:53 Loom
9:48 Feudal Age
10:32 Horse Collar
10:40 Double-Bit Axe
13:05 Bloodlines
16:12 Scale Barding Armor
17:40 Scale Mail Armor
22:14 Castle Age
22:20 Pikeman
23:18 Chain Mail Armor
23:57 Gold Mining
24:26 Forging
25:45 Man-at-Arms
27:11 Gold Shaft Mining
33:17 Arson
34:18 Stone Mining
34:53 Chain Barding Armor
34:50 Bow Saw
38:03 Imperial Age
39:11 Double Crossbow
40:22 Conscription
40:54 Plate Barding Armor
42:10 Wheelbarrow
41:52 Fletching
42:26 Ballistics
42:02 Murder Holes
43:09 Hoardings
42:42 Town Watch
43:05 Bodkin Arrow
45:16 Masonry
47:16 Siege Engineers
48:02 Hand Cart
Orlando
0:27 Loom
10:17 Feudal Age
13:39 Wheelbarrow
13:48 Man-at-Arms
18:18 Arson
22:38 Double-Bit Axe
24:40 Scale Mail Armor
25:36 Horse Collar
26:32 Forging
28:38 Scale Barding Armor
28:24 Fletching
43:11 Town Watch
46:31 Padded Archer Armor
48:58 Castle Age
Connection lost

Rejoining the realm…

Still unreachable

The connection could not be restored.

Session expired

The server has moved on; the page needs a fresh start.